 Dungeon Crawl Stone Soup version 0.22-a0-445-g8c8ef71 (webtiles) character file.

6965 hairmachine the Martial Artist (level 11, -3/86 HPs)
             Began as an Octopode Transmuter on June 2, 2018.
             Was a Follower of Dithmenos.
             Shot with an arrow by a centaur warrior (17 damage)
             ... on level 9 of the Dungeon.
             The game lasted 01:10:13 (13542 turns).

hairmachine the Martial Artist (OpTm)              Turns: 13542, Time: 01:10:14

Health: -3/86      AC:  7    Str: 10    XL:     11   Next: 7%
Magic:  14/14      EV: 13    Int: 17    God:    Dithmenos [*.....]
Gold:   459        SH:  4    Dex: 14    Spells: 4/14 levels left

rFire    x . .     SeeInvis +     - Unarmed
rCold    + + +     Gourm    .   (shield currently unavailable)
rNeg     . . .     Faith    .   (helmet currently unavailable)
rPois    +         Spirit   .   i - +4 amulet of reflection
rElec    .         Reflect  +   t - ring of see invisible
rCorr    +         Harm     .   x - ring of poison resistance
MR       .....                  D - ring of resist corrosion
Stlth    ++........             E - +1 ring of protection
HPRegen  0.24/turn              (no ring)
MPRegen  0.14/turn              (no ring)
                                (no ring)
                                (no ring)

@: ice-form, wreathed by umbra
A: large, almost no armour, stealthy swim, amphibious, 8 rings, (constrict 8)
a: End Transformation, Renounce Religion


You were on level 9 of the Dungeon.
You worshipped Dithmenos.
Dithmenos was aware of your devotion.
You were very hungry.
You were a creature of crystalline ice.
You visited 2 branches of the dungeon, and saw 10 of its levels.

You collected 459 gold pieces.

Inventory:

Hand Weapons
 l - a +1 hunting sling
 p - a +0 blowgun
 z - the +4 Vampire's Tooth {vamp}
   (You found it on level 6 of the Dungeon)

   It inflicts no extra harm, but heals its wielder when it wounds a living foe.
Missiles
 a - 161 arrows
 b - 229 stones
 h - 4 javelins
 m - 28 sling bullets
 q - 20 poisoned needles
 J - 8 javelins of penetration (quivered)
Armour
 k - a +2 shield
Jewellery
 i - a +4 amulet of reflection (around neck)
 t - a ring of see invisible (left front paw)
 x - a ring of poison resistance (right front paw)
 D - a ring of resist corrosion (on tentacle)
 E - a +1 ring of protection (on tentacle)
 L - an uncursed amulet of magic regeneration {unknown}
Wands
 I - a wand of acid (1)
 K - a wand of disintegration (4)
 N - a wand of polymorph (20)
 O - a wand of paralysis (18)
Scrolls
 d - a scroll of magic mapping {unknown}
 e - 3 scrolls of teleportation
 f - a scroll of identify
 j - 5 scrolls of remove curse
 n - a scroll of enchant armour {unknown}
 r - a scroll of enchant weapon
 u - a scroll of amnesia {unknown}
 y - a scroll of silence {unknown}
 B - a scroll of holy word {unknown}
 G - a scroll of brand weapon {unknown}
 H - a scroll of blinking {unknown}
 M - a scroll of torment {unknown}
Potions
 g - 3 potions of lignification
 s - 2 potions of flight
 v - 5 potions of curing
 w - a potion of agility
 A - a potion of magic {unknown}
 C - a potion of heal wounds
 F - a potion of resistance {unknown}
Comestibles
 c - 17 rations


   Skills:
 - Level 6.0 Fighting
 - Level 1.2 Slings
 + Level 5.9 Dodging
 - Level 2.4 Stealth
 + Level 11.4 Unarmed Combat
 - Level 2.0 Spellcasting
 + Level 7.5 Transmutations
 - Level 4.0 Ice Magic
 - Level 3.1 Poison Magic


You had 4 spell levels left.
You knew the following spells:

 Your Spells              Type           Power        Failure   Level  Hunger
a - Beastly Appendage     Tmut           ####..       1%          1    #......
b - Sticks to Snakes      Tmut           ####....     1%          2    ###....
c - Spider Form           Tmut/Pois      ###.......   6%          3    ###....
d - Ice Form              Ice/Tmut       ###.....     19%         4    #####..

Your spell library contained the following spells:

 Spells                   Type           Power        Failure   Level  Hunger
 Apportation              Tloc           #.....       19%         1    #......
 Invisibility             Hex            #.......     100%        6    #######
 Throw Frost              Conj/Ice       #.....       13%         2    ###....
 Freeze                   Ice            ###.         3%          1    #......
 Summon Ice Beast         Ice/Summ       #.......     63%         4    #####..
 Ozocubu's Armour         Chrm/Ice       #.......     26%         3    ###....
 Tukima's Dance           Hex            #.......     50%         3    ###....
 Blade Hands              Tmut           ####......   24%         5    ######.
 Throw Icicle             Conj/Ice       #.......     63%         4    #####..
 Summon Butterflies       Summ           #.......     19%         1    #......
 Alistair's Intoxication  Tmut/Pois      ###.....     52%         5    ######.
 Lesser Beckoning         Tloc           #.........   50%         3    ###....


Dungeon Overview and Level Annotations

Branches:
Dungeon (9/15)             Temple (1/1) D:6
   Lair: D:8-11         Orc: D:9-12

Altars:
Ashenzari
Cheibriados
Dithmenos
Elyvilon
Fedhas
Gozag
Hepliaklqana
Kikubaaqudgha
Makhleb
Nemelex Xobeh
Okawaru
Qazlal
Ru
Sif Muna
Trog
Uskayaw
Vehumet
Wu Jian
Xom
Yredelemnul
Zin
The Shining One

Shops:
D:6 [

Annotations:
D:2 1 runed door
D:3 exclusion: downstairs


Innate Abilities, Weirdness & Mutations

You cannot wear most types of armour.
You are very stealthy in the water. (Stealth+)
You are amphibious.
You can wear up to eight rings at the same time.
((You can use your tentacles to constrict eight enemies at once.))
((Your skin changes colour to match your surroundings (Stealth+).))
((Your rubbery body absorbs attacks. (AC +1, EV +1)))


Message History

The arrow hits the centaur warrior!!
There is an open door here.
The centaur warrior shoots an arrow.
The arrow hits you!
* * * LOW HITPOINT WARNING * * *
You see here an arrow.
Okay, then.
A bullfrog comes into view.
A two-headed ogre comes into view. It is wielding two giant clubs.
The two-headed ogre shouts in stereo!
The bullfrog gives a loud, deep croak!
There is an open door here.
You block the bullfrog's attack. The bullfrog hits you.
* * * LOW HITPOINT WARNING * * *
Things that are here:
a giant spiked club; a giant club; a two-headed ogre skeleton It was a potion of heal wounds.
You feel much better.
The centaur warrior shoots an arrow.
The arrow hits you!!
* * * LOW HITPOINT WARNING * * *
The two-headed ogre shouts in stereo!
The centaur warrior shoots an arrow.
The arrow hits you!
You die...

.....# #..........# #....#
#..........# #....#
#..........# #....#
#..........# #....#
#..........##########....#
#........................#
#.........c..............#
.#.....FO)..D.Y...........#
.'......############......#
.#......#..........#......#
#.....c'..........#......#
#......#..........#......###
#......#.(........#........#
##......#..........#...######
........#..........#...#
........#.....######.).#


You could see a five-headed hydra, a centaur warrior, a two-headed ogre and a
bullfrog.

Vanquished Creatures
  3 two-headed ogres
  Pikel (D:7)
  A troll (D:8)
  A hippogriff (D:7)
  A spriggan (D:7)
  Grum (D:8)
  A water moccasin (D:9)
  A black bear (D:6)
  2 orc warriors (D:6)
  2 sky beasts
  3 ice beasts
  2 wolves (D:8)
  4 ogres
  4 centaurs
  A crocodile (D:7)
  9 bullfrogs
  5 scorpions
  4 killer bees
  A howler monkey (D:4)
  2 vampire bats (D:6)
  2 crimson imps
  2 bullfrog zombies (D:6)
  2 bullfrog skeletons
  2 hounds
  A jelly (D:6)
  2 orc priests
  3 centaur skeletons
  7 orc wizards
  2 iguanas (D:3)
  6 worker ants
  A hound skeleton (D:6)
  2 worker ant zombies (D:6)
  Robin (D:4)
  11 adders
  4 shadow imps
  An ooze (D:3)
  2 adder skeletons
  2 worms
  4 dart slugs
  4 leopard geckos
  18 orcs
  13 bats
  2 giant cockroaches
  10 goblins
  9 hobgoblins
  2 jackals (D:2)
  11 kobolds
  9 quokkas
  4 frilled lizards
  A giant cockroach zombie (D:5)
  A leopard gecko skeleton (D:8)
  A quokka skeleton (D:4)
  A quokka zombie (D:6)
  7 rats
199 creatures vanquished.

Vanquished Creatures (collateral kills)
  An orc wizard (D:2)
1 creature vanquished.

Vanquished Creatures (others)
  2 slaves (D:7)
  A black bear (D:7)
  A centaur zombie (D:7)
  A quokka (D:7)
5 creatures vanquished.

Grand Total: 205 creatures vanquished

Notes
Turn   | Place    | Note
-------+----------+-------------------------------------------
     0 | D:1      | hairmachine the Octopode Transmuter began the quest for the Orb.
     0 | D:1      | Reached XP level 1. HP: 13/13 MP: 3/3
   442 | D:1      | Reached XP level 2. HP: 18/18 MP: 3/5
   466 | D:1      | Learned a level 2 spell: Sticks to Snakes
  1523 | D:2      | Reached XP level 3. HP: 15/23 MP: 2/6
  1885 | D:2      | Reached XP level 4. HP: 28/28 MP: 7/7
  1978 | D:2      | Found a hide-covered altar of Uskayaw.
  2060 | D:2      | Reached skill level 4 in Unarmed Combat
  2099 | D:2      | Reached skill level 1 in Slings
  2258 | D:2      | Reached XP level 5. HP: 9/33 MP: 6/8
  2779 | D:2      | Found a runed door.
  3232 | D:3      | Learned a level 3 spell: Spider Form
  3278 | D:3      | Reached skill level 5 in Unarmed Combat
  3278 | D:3      | Reached skill level 1 in Poison Magic
  3278 | D:3      | Reached XP level 6. HP: 33/38 MP: 9/9
  3482 | D:3      | Found a deep blue altar of Sif Muna.
  4017 | D:4      | Found a radiant altar of Vehumet.
  4416 | D:4      | Reached XP level 7. HP: 28/43 MP: 7/10
  4931 | D:4      | Noticed Robin
  4968 | D:4      | Killed Robin
  5087 | D:4      | Reached skill level 6 in Unarmed Combat
  5218 | D:4      | Found a glowing silver altar of Zin.
  5410 | D:5      | Entered Level 5 of the Dungeon
  5585 | D:5      | Found a bloodstained altar of Trog.
  5764 | D:5      | Learned a level 4 spell: Ice Form
  6002 | D:5      | Reached skill level 5 in Transmutations
  6180 | D:5      | Reached XP level 8. HP: 48/52 MP: 7/11
  7002 | D:6      | Reached skill level 1 in Ice Magic
  7359 | D:6      | Found a staircase to the Ecumenical Temple.
  7443 | D:5      | Reached skill level 7 in Unarmed Combat
  7806 | D:6      | Found Xuirom's Armour Shop.
  8174 | Temple   | Entered the Ecumenical Temple
  8238 | Temple   | Became a worshipper of Dithmenos the Shadowed
  8310 | D:6      | Reached skill level 5 in Fighting
  8310 | D:6      | Reached skill level 1 in Stealth
  8474 | D:6      | Reached XP level 9. HP: 61/61 MP: 12/12
  9020 | D:6      | Found the +4 Vampire's Tooth {vamp}
  9109 | D:6      | Found a blossoming altar of Fedhas.
  9110 | D:6      | Found a shimmering altar of Xom.
  9110 | D:6      | Found a shattered altar of Ashenzari.
  9110 | D:6      | Found a sacrificial altar of Ru.
  9113 | D:6      | Found a basalt altar of Yredelemnul.
  9113 | D:6      | Found a hazy altar of Hepliaklqana.
  9113 | D:6      | Found a burning altar of Makhleb.
  9502 | D:6      | Reached skill level 8 in Unarmed Combat
 10036 | D:7      | Reached skill level 9 in Unarmed Combat
 10222 | D:7      | Noticed Pikel
 10230 | D:7      | Killed Pikel
 10230 | D:7      | Reached skill level 10 in Unarmed Combat
 10527 | D:7      | Reached XP level 10. HP: 48/68 MP: 11/13
 10676 | D:7      | Reached * piety under Dithmenos
 11271 | D:8      | Noticed a two-headed ogre
 11337 | D:8      | Killed a two-headed ogre
 11403 | D:8      | Noticed Grum
 11415 | D:8      | Killed Grum
 11714 | D:8      | Noticed a two-headed ogre
 11739 | D:8      | Killed a two-headed ogre
 12058 | D:8      | Reached skill level 11 in Unarmed Combat
 12328 | D:8      | Found a white marble altar of Elyvilon.
 12884 | D:9      | Noticed a purple ugly thing
 12904 | D:8      | Reached skill level 5 in Dodging
 13196 | D:9      | Noticed a two-headed ogre
 13227 | D:9      | Noticed a cyclops
 13233 | D:9      | Killed a two-headed ogre
 13233 | D:9      | Reached XP level 11. HP: 53/72 MP: 14/14
 13413 | D:9      | Noticed a centaur warrior
 13419 | D:9      | Noticed a five-headed hydra
 13532 | D:9      | Noticed a two-headed ogre
 13542 | D:9      | Shot with an arrow by a centaur warrior

Vault maps used:
D:1:      lightli_iron_boxes
D:2:      old_standard_altar, hangedman_decor_opposing, st_stairs_3,
          uniq_crazy_yiuf_cottage
D:3:      old_standard_altar, first_ration
D:4:      zin_treasury, overflow_temple_1_default, uniq_robin
D:5:      lemuel_coloured_pillars_altar
D:6:      grunt_temple_overflow_open, minmay_temple_entry_fiery, serial_shops,
          nicolae_shop_crystal, minmay_guarded_unrand_vampires_tooth
D:7:      the_bakery, uniq_pikel
D:8:      lemuel_crystal_altar, grunt_decor_clamped, uniq_grum
D:9:      minmay_the_grid_3x3
Temple:   jpeg_temple_island

Skill      XL: |  1  2  3  4  5  6  7  8  9 10 |
---------------+-------------------------------+-----
Transmutations | 3 4 5 7 |  7.5
Unarmed Combat | 4 5 6 7 10 11 | 11.4
Slings         | 1 |  1.2
Poison Magic   | 1 3 |  3.1
Fighting       | 3 5 6 |  6.0
Ice Magic      | 3 4 |  4.0
Stealth        | 1 2 |  2.4
Dodging        | 5 |  5.9
Spellcasting   | |  2.0

Action                   |  1- 3 |  4- 6 |  7- 9 | 10-12 || total
-------------------------+-------+-------+-------+-------++-------
Melee: Unarmed           |    44 |    86 |   238 |    97 ||   465
       Constrict         |    13 |    20 |    23 |     3 ||    59
       Kick              |    13 |    20 |    15 |     4 ||    52
       Tentacles         |     9 |    11 |    13 |     5 ||    38
       Punch             |       |     3 |     4 |     2 ||     9
 Fire: Hunting sling     |    35 |    42 |    89 |    26 ||   192
       Blowgun           |       |     5 |     1 |       ||     6
Throw: Stone             |    15 |       |    10 |     9 ||    34
       Javelin           |       |       |       |     2 ||     2
 Cast: Beastly Appendage |    16 |    18 |    14 |     7 ||    55
       Sticks to Snakes  |     1 |     2 |       |       ||     3
       Spider Form       |       |     4 |    35 |    14 ||    53
       Ice Form          |       |       |       |     2 ||     2
Evoke: Wand              |       |       |       |     4 ||     4
  Use: Potion            |       |     3 |       |     1 ||     4
       Scroll            |       |     2 |     5 |     6 ||    13
 Stab: Sleeping          |     1 |       |     4 |       ||     5
       Distracted        |       |       |     1 |       ||     1
  Eat: Chunk             |     3 |     9 |    20 |     8 ||    40
       Ration            |       |       |     1 |     1 ||     2
Armor: Skin              |     4 |     6 |    14 |     6 ||    30
Dodge: Dodged            |    33 |    69 |   187 |    87 ||   376
Block: Other             |       |     2 |    33 |    17 ||    52
       Reflection        |       |       |       |     2 ||     2

Table legend:
 A = Spawn XP
 B = Non-spawn XP
 C = Spawn XP percentage of total XP
 D = Spawn monster count
 E = Non-spawn monster count
 F = Spawn count percentage of total count
 G = Total turns spent on level
                    A         B        C        D         E        F      G
               +---------+---------+-------+---------+---------+-------+---------
         Total |       0 |    9950 |   0.0 |       0 |     200 |   0.0 | 13542
               +---------+---------+-------+---------+---------+-------+---------
           D:1 |       0 |      24 |   0.0 |       0 |      12 |   0.0 |  1393
           D:2 |       0 |     179 |   0.0 |       0 |      31 |   0.0 |  1529
           D:3 |       0 |     235 |   0.0 |       0 |      20 |   0.0 |  1235
           D:4 |       0 |     483 |   0.0 |       0 |      32 |   0.0 |  1330
           D:5 |       0 |     646 |   0.0 |       0 |      18 |   0.0 |  1682
           D:6 |       0 |    1435 |   0.0 |       0 |      41 |   0.0 |  2495
           D:7 |       0 |    1986 |   0.0 |       0 |      18 |   0.0 |  1524
           D:8 |       0 |    3114 |   0.0 |       0 |      15 |   0.0 |  1791
           D:9 |       0 |    1848 |   0.0 |       0 |      13 |   0.0 |   475
               +---------+---------+-------+---------+---------+-------+---------
